Map: [ESL] Oceanborn

Players

MeomaikA - Winner!

  • Race: Zerg Zerg
  • Spawn Location: 5:00

Nice

  • Race: Protoss Protoss
  • Spawn Location: 11:00

Event: ESL SC2 Masters 2023 Winter (Regional)

VOD

Have the link to the VOD?

Description

Time

  • Played on: Nov. 2, 2023, 8:46 a.m.
  • Length: 15:56

All games in this series

Show
View Real Time Build Order
Export as new Build Order

MeomaikA Zerg - Winner!

Build Orders: Pool First 

Get SALT Encoding   

  12  0:01  Drone  
  13  0:13  Overlord  
  13  0:17  Drone  
  14  0:31  Drone x2  
  14  0:35  Drone  
  17  0:45  Spawning Pool  
  17  0:47  Drone  
  17  1:06  Drone  
  18  1:14  Extractor  
  18  1:17  Hatchery  
  16  1:22  Drone  
  17  1:31  Zergling x4  
  17  1:32  Queen  
  21  1:39  Drone  
  22  1:49  Overlord  
  22  2:08  Drone, Queen  
  25  2:11  Drone  
  25  2:13  Metabolic Boost  
  26  2:22  Drone  
  27  2:33  Drone x2  
  29  2:47  Drone x2  
  31  2:54  Drone x2  
  31  2:55  Hatchery  
  31  2:58  Drone x2  
  34  3:03  Overlord  
  34  3:07  Drone  
  35  3:13  Lair  
  35  3:15  Extractor  
  35  3:18  Drone  
  35  3:19  Drone  
  36  3:23  Spore Crawler  
  36  3:26  Drone x2  
  37  3:29  Spore Crawler  
  37  3:31  Drone  
  37  3:34  Drone  
  38  3:35  Drone  
  38  3:38  Drone  
  38  3:40  Drone  
  41  3:45  Drone x2  
  41  3:48  Zergling x2  
  44  3:54  Overlord  
  44  3:56  Overlord  
  44  4:10  Queen  
  44  4:11  Overlord, Hydralisk Den  
  44  4:14  Drone x2  
  44  4:16  Drone x2  
  49  4:18  Zergling x2  
  49  4:20  Zergling x2  
  49  4:24  Zergling x4  
  53  4:25  Zergling x2  
  53  4:29  Zergling x2, Drone x2  
  57  4:38  Queen  
  57  4:39  Overlord  
  57  4:41  Muscular Augments  
  56  4:45  Overlord  
  56  4:51  Hydralisk x2  
  58  4:53  Hydralisk  
  58  4:57  Overseer  
  58  4:58  Hydralisk  
  61  5:02  Hydralisk  
  61  5:05  Hydralisk  
  65  5:10  Hydralisk  
  66  5:18  Drone  
  67  5:21  Overlord  
  67  5:22  Drone  
  67  5:23  Drone x2  
  67  5:24  Drone  
  67  5:26  Drone  
  72  5:29  Drone x2  
  72  5:33  Overlord  
  74  5:39  Overlord  
  74  5:42  Drone x3  
  76  5:47  Overlord  
  76  5:48  Drone x3  
  79  5:50  Grooved Spines  
  79  5:53  Infestation Pit  
  79  5:55  Drone  
  79  5:57  Drone  
  79  5:58  Zergling x2  
  79  6:01  Zergling x4  
  83  6:04  Overlord  
  83  6:05  Drone x2  
  85  6:11  Overlord  
  85  6:14  Extractor  
  85  6:15  Extractor, Drone x3  
  85  6:17  Drone x2  
  85  6:18  Drone  
  87  6:19  Zergling x2  
  87  6:20  Zergling x2  
  87  6:23  Zergling x4  
  91  6:26  Zergling x2  
  91  6:29  Overlord  
  91  6:32  Hive  
  92  6:33  Hydralisk  
  92  6:34  Zergling x2  
  95  6:45  Drone x2  
  96  6:50  Zergling x10  
  96  6:51  Zergling x2  
  102  6:55  Zergling x4  
  102  6:57  Zergling x2  
  105  7:02  Overlord  
  105  7:03  Hatchery  
  105  7:05  Drone x2  
  106  7:08  Evolution Chamber  
  106  7:10  Drone x3, Overlord  
  106  7:11  Hydralisk x2  
  106  7:13  Zergling x2  
  114  7:15  Zergling x4  
  114  7:17  Drone  
  116  7:25  Overlord  
  116  7:31  Overlord  
  116  7:36  Zergling x4  
  118  7:37  Zergling x6  
  118  7:38  Zerg Melee Weapons Level 1  
  118  7:39  Zergling x2  
  118  7:43  Viper x2  
  128  7:45  Zergling x10  
  128  7:48  Hydralisk  
  135  7:53  Hydralisk  
  135  7:56  Hydralisk  
  139  7:58  Overlord  
  139  8:08  Zergling x16  
  139  8:09  Adrenal Glands  
  147  8:13  Hatchery  
  147  8:16  Zergling x4  
  147  8:17  Zergling x6  
  142  8:24  Zergling x2  
  142  8:25  Zergling x4  
  142  8:26  Hydralisk  
  138  8:32  Zergling x4  
  140  8:34  Zergling x2  
  140  8:36  Zergling x6  
  140  8:37  Ultralisk Cavern  
  140  8:39  Queen  
  140  8:40  Zergling x4, Spore Crawler x2  
  140  8:41  Zergling x2  
  146  8:47  Zergling x2  
  147  8:50  Zergling x2  
  147  8:52  Zergling x4  
  148  8:58  Zergling x2  
  148  8:59  Zergling x8  
  148  9:00  Zergling x2  
  154  9:05  Zergling x4, Hydralisk  
  154  9:06  Zergling x2  
  154  9:07  Zergling x2  
  154  9:08  Zergling x2  
  154  9:09  Zergling x6  
  164  9:10  Zergling x2  
  165  9:18  Zergling x2  
  165  9:23  Zergling x4  
  165  9:24  Zergling x2  
  160  9:26  Zergling x4  
  160  9:27  Zergling x2  
  160  9:30  Zergling x4  
  160  9:31  Zergling x2  
  127  9:33  Zergling x2  
  127  9:34  Zergling x4  
  127  9:35  Zergling x2  
  115  9:42  Zergling x4, Chitinous Plating  
  115  9:44  Ultralisk x2  
  119  9:52  Zergling x4, Ultralisk  
  121  9:53  Zergling x4  
  121  9:54  Zergling x4  
  121  9:56  Drone x2  
  121  9:57  Drone  
  128  10:01  Zerg Melee Weapons Level 2  
  128  10:03  Zergling x4  
  128  10:05  Drone x2  
  132  10:08  Zergling x2  
  132  10:13  Zergling x2  
  134  10:15  Zergling x4  
  134  10:17  Zergling x6  
  134  10:19  Ultralisk  
  142  10:22  Zergling x2  
  142  10:24  Zergling x4  
  142  10:25  Zergling x6  
  142  10:26  Zergling x2  
  146  10:30  Zergling x2  
  146  10:31  Zergling x6  
  146  10:32  Zergling x2  
  146  10:33  Zergling x2  
  152  10:36  Drone x2  
  152  10:37  Zergling x2  
  152  10:38  Zergling x4  
  152  10:39  Zergling x2  
  158  10:43  Drone  
  158  10:44  Drone x3  
  158  10:49  Zergling x4  
  165  10:50  Zergling x2  
  165  10:56  Zergling x2  
  164  11:06  Zergling x4  
  164  11:11  Overlord x4  
  165  11:22  Zergling x2, Ultralisk x2  
  165  11:23  Zergling x8  
  164  11:26  Zergling x6  
  164  11:28  Zergling x4  
  164  11:32  Ultralisk x2  
  167  11:33  Zergling x8  
  167  11:34  Zergling x2  
  167  11:35  Zergling x2  
  167  11:36  Zergling x2  
  167  11:39  Zergling x2  
  175  11:41  Zergling x2  
  175  11:43  Zergling x4  
  175  11:44  Zergling x4  
  180  11:48  Zergling x4  
  180  11:49  Zergling x6  
  180  11:50  Zergling x2, Evolution Chamber  
  184  11:59  Zergling x2  
  184  12:00  Zergling x6  
  182  12:01  Zergling x2  
  182  12:03  Zergling x2  
  182  12:07  Ultralisk  
  165  12:08  Ultralisk  
  165  12:09  Zergling x6  
  165  12:10  Zergling x2  
  165  12:12  Zergling x6  
  169  12:16  Zergling x6  
  169  12:17  Zergling x2  
  169  12:18  Zergling x2  
  169  12:19  Zergling x4  
  169  12:20  Zergling x4  
  159  12:23  Zergling x4  
  159  12:25  Zerg Melee Weapons Level 3  
  159  12:28  Zergling x4  
  161  12:31  Zergling x2  
  161  12:34  Zergling x2  
  163  12:37  Zergling x4  
  163  12:38  Zergling x6  
  163  12:41  Zergling x4, Queen  
  163  12:42  Zergling x4  
  163  12:43  Zergling x2  
  175  12:47  Zergling x6  
  178  12:52  Zergling x4  
  178  12:55  Zergling x6  
  178  12:56  Zergling x6  
  185  13:11  Zergling x4  
  185  13:12  Zergling x4  
  154  13:13  Zergling x8  
  154  13:14  Zergling x2  
  154  13:15  Zergling x6  
  154  13:17  Ultralisk x2  
  154  13:19  Zergling x2, Ultralisk  
  163  13:20  Zergling x8  
  163  13:22  Zergling x6  
  160  13:28  Zergling x2  
  160  13:29  Zergling x2  
  160  13:31  Drone x3, Extractor  
  160  13:33  Zerg Ground Armor Level 1  
  164  13:35  Zergling x2  
  164  13:38  Zergling x6  
  164  13:40  Zergling x2  
  164  13:43  Zergling x4  
  164  13:44  Zergling x2  
  167  13:50  Zergling x4  
  167  13:52  Zergling x6  
  167  13:55  Zergling x4  
  159  13:56  Zergling x2  
  159  13:58  Zergling x2  
  159  14:01  Zergling x4  
  159  14:02  Zergling x6  
  157  14:03  Ultralisk  
  157  14:04  Zergling x4  
  157  14:06  Ultralisk  
  157  14:07  Zergling x2  
  166  14:13  Zergling x6  
  169  14:17  Zergling x4  
  169  14:22  Zergling x2  
  172  14:24  Zergling x4  
  172  14:27  Zergling x2  
  172  14:31  Zergling x4, Hatchery  
  168  14:33  Zergling x6  
  168  14:34  Ultralisk  
  171  14:39  Ultralisk  
  171  14:40  Zergling x2  
  171  14:44  Zergling x2  
  171  14:45  Zergling x2  
  177  14:48  Zergling x4  
  177  14:49  Zergling x4  
  177  14:52  Zergling x2  
  177  14:53  Zergling x6  
  177  14:54  Zergling x2  
  177  14:55  Zergling x4  
  177  14:57  Zergling x4  
  177  14:58  Zergling x2  
  177  14:59  Zergling x2  
  182  15:03  Overlord x2  
  182  15:20  Zergling x2  
  182  15:21  Zergling x2  
  182  15:24  Zergling x4, Spine Crawler x2  
  182  15:28  Spine Crawler  
Show
View Real Time Build Order
Export as new Build Order

Nice Protoss 

Build Orders: 1 Gate Expand, Oracle Opening, Phoenix Opening, Archon Immortal 

Get SALT Encoding   

  12  0:00  Probe  
  13  0:12  Probe  
  14  0:19  Pylon  
  14  0:24  Probe  
  15  0:37  Probe (Chrono Boost)  
  15  0:38  Gateway  
  16  0:47  Assimilator  
  16  0:48  Probe (Chrono Boost)  
  17  0:52  Probe (Chrono Boost)  
  18  1:03  Probe  
  19  1:15  Probe  
  20  1:27  Cybernetics Core  
  20  1:33  Nexus  
  20  1:41  Pylon  
  20  1:47  Assimilator, Probe  
  21  1:59  Probe  
  21  2:00  Adept (Chrono Boost)  
  24  2:13  Gateway, Probe  
  25  2:20  Stalker (Chrono Boost)  
  25  2:25  Probe  
  28  2:34  Stargate  
  29  2:37  Probe  
  29  2:46  Warp Gate  
  29  2:49  Gateway  
  29  2:50  Probe (Chrono Boost)  
  30  2:51  Adept  
  30  2:54  Probe (Chrono Boost)  
  35  3:05  Probe (Chrono Boost)  
  35  3:07  Probe (Chrono Boost)  
  35  3:10  Probe (Chrono Boost)  
  36  3:13  Probe  
  36  3:15  Oracle (Chrono Boost)  
  40  3:20  Probe  
  40  3:24  Pylon  
  40  3:25  Probe  
  42  3:32  Gateway, Probe  
  43  3:37  Probe  
  44  3:44  Phoenix (Chrono Boost)  
  44  3:45  Probe  
  47  3:49  Probe  
  48  3:55  Assimilator  
  48  3:56  Assimilator  
  48  3:57  Pylon, Probe  
  48  4:01  Probe  
  50  4:04  Oracle (Chrono Boost)  
  50  4:07  Pylon  
  53  4:11  Probe  
  53  4:15  Probe  
  55  4:19  Shield Battery  
  57  4:36  Robotics Facility  
  57  4:39  Adept x2  
  59  4:50  Oracle (Chrono Boost)  
  59  4:57  Adept  
  60  5:01  Forge  
  60  5:05  Gateway x2  
  60  5:08  Pylon  
  60  5:09  Sentry x2, Gateway  
  60  5:10  Pylon, Probe  
  65  5:21  Immortal (Chrono Boost)  
  65  5:27  Twilight Council  
  69  5:33  Protoss Ground Weapons Level 1  
  69  5:35  Zealot  
  71  5:37  Zealot  
  73  5:55  Immortal (Chrono Boost)  
  73  5:58  Robotics Bay  
  73  6:00  Charge (Chrono Boost)  
  73  6:02  Pylon  
  77  6:10  Zealot x3  
  83  6:16  Probe x2  
  85  6:28  Probe  
  85  6:29  Pylon  
  87  6:33  Observer  
  87  6:36  Probe  
  87  6:37  Nexus  
  88  6:40  Probe  
  89  6:48  Probe  
  89  6:52  Probe  
  89  6:53  Colossus (Chrono Boost)  
  97  6:55  Shield Battery  
  97  6:57  Extended Thermal Lance (Chrono Boost)  
  97  7:01  Probe  
  98  7:04  Probe  
  98  7:07  Templar Archives  
  99  7:13  Probe  
  100  7:17  Probe  
  100  7:20  Pylon  
  101  7:25  Probe  
  102  7:35  Psionic Storm  
  102  7:37  Assimilator  
  102  7:38  Colossus (Chrono Boost), Probe x2  
  102  7:40  Pylon  
  102  7:42  Assimilator  
  110  7:44  Pylon  
  110  7:46  Observer  
  110  7:49  Probe  
  110  7:50  Probe  
  112  7:53  Protoss Ground Weapons Level 2 (Chrono Boost)  
  112  7:54  Probe  
  113  8:03  Photon Cannon  
  113  8:10  High Templar, Zealot x3  
  113  8:11  Probe x2  
  123  8:13  Probe  
  116  8:25  Immortal  
  123  8:35  High Templar  
  123  8:39  Gateway  
  122  8:41  High Templar, Gateway  
  122  8:42  Pylon  
  122  8:44  Pylon  
  122  8:46  Photon Cannon  
  122  8:47  Shield Battery  
  124  8:55  High Templar  
  123  9:08  Blink  
  123  9:14  Zealot x5  
  123  9:16  Immortal (Chrono Boost)  
  125  9:26  Archon  
  125  9:27  Zealot, Archon  
  110  9:35  Zealot x6  
  102  9:51  Colossus (Chrono Boost)  
  102  9:52  High Templar x2  
  102  9:55  High Templar x2  
  102  9:56  Zealot x4  
  102  9:59  Protoss Ground Weapons Level 3 (Chrono Boost)  
  122  10:09  Pylon  
  122  10:12  Nexus  
  122  10:18  Probe x2  
  122  10:19  Probe  
  122  10:21  Zealot x4  
  120  10:28  High Templar x2  
  130  10:38  Probe x3  
  133  10:44  Nexus  
  133  10:45  Shield Battery  
  139  10:50  Immortal, Probe  
  139  10:53  High Templar x2  
  139  10:54  Probe x2  
  144  10:57  Archon  
  144  11:07  Zealot x5  
  154  11:16  Zealot  
  148  11:27  Immortal (Chrono Boost)  
  148  11:30  High Templar x2  
  155  11:37  Probe  
  155  11:38  Probe  
  157  11:42  Zealot x4  
  157  11:45  Robotics Facility  
  165  11:50  Photon Cannon  
  165  11:51  Photon Cannon  
  165  11:54  Shield Battery  
  131  12:10  High Templar x4  
  131  12:11  Zealot x4  
  131  12:12  Protoss Shields Level 1 (Chrono Boost)  
  145  12:16  Assimilator  
  145  12:18  Archon, Assimilator  
  137  12:27  Archon  
  137  12:31  Warp Prism (Chrono Boost)  
  137  12:35  Observer (Chrono Boost)  
  140  12:37  High Templar x2, Zealot x2  
  140  12:41  Pylon  
  148  12:47  Stalker x4  
  148  12:50  Archon  
  156  12:56  Forge  
  156  12:57  Immortal  
  160  12:59  Immortal  
  160  13:03  Zealot x2  
  154  13:12  Zealot x2  
  154  13:13  Zealot x4  
  139  13:20  Photon Cannon  
  139  13:23  Shield Battery  
  133  13:36  High Templar x2  
  133  13:37  High Templar x2  
  133  13:38  Zealot x3  
  133  13:40  Archon x2  
  140  13:51  Archon  
  111  13:58  Zealot x4, Probe x2  
  111  13:59  Pylon  
  111  14:01  Probe  
  111  14:02  Probe  
  99  14:10  Probe x2  
  99  14:13  High Templar x4, Probe  
  99  14:14  Probe  
  111  14:22  Probe x2  
  113  14:25  Probe  
  113  14:27  Archon  
  110  14:31  High Templar x2  
  110  14:32  Zealot x2  
  110  14:33  Probe  
  110  14:34  Probe x2  
  110  14:37  Probe  
  107  14:46  Probe x2  
  103  15:01  High Templar x3  
  103  15:02  Nexus  
  103  15:03  High Templar  
  103  15:04  Probe  
  103  15:05  Probe  
  113  15:08  Probe  
  114  15:17  Probe  
  114  15:20  Probe  
  110  15:22  Photon Cannon, Shield Battery  
  110  15:26  Pylon  
  110  15:32  High Templar x2  
  110  15:33  Zealot  
  116  15:39  Archon  
  90  15:43  Zealot  
Tags
 
Add a new tag
Caveats
  • Supply blocks, unpowered buildings, or Contaminate may cause inaccurate times.
  • Supply counts are checked every 10 seconds.